 Dungeon Crawl Stone Soup version 0.18.1-50-g88ac8fd (console) character file.

441 Kloppie the Ruffian (level 6, 0/65 HPs)
             Began as a Troll Berserker on Oct 29, 2016.
             Was a Priest of Trog.
             Killed by divine providence
             ... invoked by an orc priest
              (11 damage)
             ... on level 4 of the Dungeon.
             The game lasted 00:03:37 (2342 turns).

Kloppie the Ruffian (Troll Berserker)               Turns: 2342, Time: 00:03:38

Health: 0/65       AC:  8    Str: 26    XL:     6   Next: 70%
Magic:  5/5        EV: 10    Int:  3    God:    Trog [***...]
Gold:   229        SH:  0    Dex: 11    Spells: 0 memorised, 5 levels left

rFire  . . .     SeeInvis .       - Unarmed
rCold  . . .     Gourm    +     t - +0 robe
rNeg   . . .     Faith    .     (no shield)
rPois  .         Spirit   .     k - +2 hat
rElec  .         Dismiss  .     e - +0 cloak
rCorr  .         Reflect  .     (gloves unavailable)
SustAt .         Harm     .     (boots unavailable)
MR     ++...                    (no amulet)
Stlth  +.........               (no ring)
                                (no ring)

@: exhausted, regenerating, slowed, very slow, very resistant to hostile
enchantments, very unstealthy
A: unfitting armour, claws 3, fast metabolism 3, gourmand, regeneration 2,
shaggy fur 1, tough skin 2
a: Berserk, Trog's Hand, Burn Spellbooks, Renounce Religion


You were on level 4 of the Dungeon.
You worshipped Trog.
Trog was most pleased with you.
You were very full.

You visited 1 branch of the dungeon, and saw 4 of its levels.

You collected 229 gold pieces.

Inventory:

Armour
 e - a +0 cloak (worn)
 k - a +2 hat (worn)
 t - a +0 robe (worn)
Jewellery
 j - an uncursed ring of wizardry {unknown}
 v - an uncursed ring of ice {unknown}
 w - an uncursed ring of stealth {unknown}
Wands
 s - a wand of disintegration (9/24)
 y - a wand of slowing (30/48)
Scrolls
 d - 2 scrolls of teleportation {unknown}
 f - 2 scrolls of identify {unknown}
 n - a scroll of amnesia {unknown}
 q - 7 scrolls of remove curse {unknown}
 u - a scroll of fear {unknown}
Potions
 g - 2 potions of curing {unknown}
 h - a potion of haste {unknown}
 i - a potion of might {unknown}
 l - a potion of cure mutation {unknown}
 m - a potion of heal wounds {unknown}
 o - a potion of resistance {unknown}
 p - 2 potions of lignification {unknown}
 x - a potion of agility {unknown}
Comestibles
 a - 16 fruits
 b - 4 bread rations
 c - a beef jerky
 r - 2 chunks of flesh


   Skills:
 + Level 4.8 Fighting
 - Level 2.4 Dodging
 + Level 5.7 Unarmed Combat


You had 5 spell levels left.
You didn't know any spells.

Dungeon Overview and Level Annotations

Branches:
Dungeon (4/15)
 Temple: D:4-7

Altars:
Gozag
Makhleb
Qazlal
Ru
Xom


Innate Abilities, Weirdness & Mutations

You are too large for most types of armour.
You have claws for hands.
Your metabolism is lightning-fast.
You like to eat raw meat.
You heal very quickly.
You are covered in fur (AC +1).
You have very tough skin (AC +2).


Message History

The orc priest mumbles some strange prayers to Beogh against you.
Beogh smites you!
* * * LOW HITPOINT WARNING * * *
The orc wizard hits you with a dagger.
* * * LOW HITPOINT WARNING * * *
An orc wizard comes into view. It is wielding a dagger.
The orc wizard shouts!
An orc comes into view. It is wielding a short sword.
The orc shouts!
Your skin crawls.
You feel resistant to hostile enchantments.
You feel slightly less full. The orc wizard misses you.
The orc wizard moves out of view.
The orc wizard hits you but does no damage.
You barely miss the orc wizard.
The orc wizard is severely wounded.
The orc wizard misses you.
The orc priest invokes the aid of Beogh against you.
Beogh smites you!
You die...

...#.# .#†#.## #
....... #.##≈≈≈≈≈#.
.#≈≈...≈≈. .≈.o§..≈#
###.########o..§o.≈#
#.....))(@oo≈.§§§.≈#
..#.#######.≈≈...≈≈#
### ####.#≈≈≈≈≈##
.... #$.......###
....# #.#...#.##
.....) #.#...#.#
...... #..#..#.#
......##.###.#.#
>.......## #..


You could see an orc priest, 2 orc wizards and 2 orcs.

Vanquished Creatures
  An ogre (D:4)
  The ghost of UranusSolar the Conjurer, an amateur DEWz (D:3)
  An orc priest (D:3)
  A centaur skeleton (D:4)
  2 hounds (D:3)
  A worker ant (D:4)
  Ijyb (D:2)
  6 adders
  4 worms
  2 dart slugs (D:2)
  2 giant geckos
  7 orcs
  5 giant cockroaches (D:2)
  16 goblins
  7 hobgoblins
  3 jackals (D:3)
  2 quokkas
  8 bats
  A giant newt (D:1)
  5 kobolds
  A quokka skeleton (D:4)
  8 rats
85 creatures vanquished.

Vanquished Creatures (others)
  An ogre (D:4)
  A hound (D:4)
  2 adders (D:4)
  A worm (D:4)
  A giant gecko (D:4)
  An orc (D:4)
  A giant cockroach (D:4)
8 creatures vanquished.

Grand Total: 93 creatures vanquished

Notes
Turn   | Place    | Note
--------------------------------------------------------------
     0 | D:1      | Kloppie the Troll Berserker began the quest for the Orb.
     0 | D:1      | Reached XP level 1. HP: 22/22 MP: 0/0
   274 | D:1      | Reached XP level 2. HP: 28/29 MP: 1/1
   600 | D:2      | Reached XP level 3. HP: 22/36 MP: 2/2
   607 | D:2      | Reached ** piety under Trog
   771 | D:2      | Noticed Ijyb
   779 | D:2      | Killed Ijyb
   779 | D:2      | Reached skill level 4 in Unarmed Combat
   781 | D:2      | Reached XP level 4. HP: 45/45 MP: 3/3
   953 | D:2      | Found a sacrificial altar of Ru.
  1509 | D:3      | Found a burning altar of Makhleb.
  1547 | D:3      | Noticed UranusSolar's ghost (amateur DEWz)
  1574 | D:3      | Killed UranusSolar's ghost
  1574 | D:3      | Reached XP level 5. HP: 54/54 MP: 4/4
  1651 | D:3      | Found a stormy altar of Qazlal.
  1691 | D:3      | Reached skill level 5 in Unarmed Combat
  1754 | D:3      | Reached *** piety under Trog
  1773 | D:3      | Found an opulent altar of Gozag.
  1918 | D:3      | Reached XP level 6. HP: 59/62 MP: 5/5
  2297 | D:4      | Found a shimmering altar of Xom.
  2342 | D:4      | Killed from afar by an orc priest

Skill      XL: |  1  2  3  4  5 |
---------------+----------------+-----
Fighting       | 3 4 |  4.8
Unarmed Combat | 4 5 |  5.7
Dodging        | |  2.4

Action                   |  1- 3 |  4- 6 || total
-------------------------+-------+-------++-------
Melee: Unarmed           |    77 |   149 ||   226
       Punch             |       |     1 ||     1
Invok: Berserk           |     1 |     2 ||     3
       Trog's Hand       |       |     2 ||     2
 Stab: Sleeping          |       |     3 ||     3
       Confused          |       |     1 ||     1
  Eat: Chunk             |    13 |    16 ||    29
Armor: Animal skin       |    25 |     7 ||    32
       Robe              |       |    57 ||    57
Dodge: Dodged            |    44 |    66 ||   110
